 Dungeon Crawl Stone Soup version 0.25-a0-1119-g28b6fd0c3b (webtiles) character file.

Game seed: 2231852347509079145, levelgen mode: deterministic

36361 MalarOregon the Fighter (level 13, -7/113 HPs)
             Began as a Pale Draconian Gladiator on May 19, 2020.
             Was a High Priest of Fedhas.
             Mangled by a spiny frog (26 damage)
             ... on level 5 of the Lair of Beasts.
             The game lasted 00:38:28 (25476 turns).

MalarOregon the Fighter (Pale Draconian Gladiator) Turns: 25476, Time: 00:38:29

Health: -7/113     AC:  0    Str: 20    XL:     13   Next: 52%
Magic:  20/20      EV: 20    Int: 10    God:    Fedhas [*****.]
Gold:   698        SH:  0    Dex: 13    Spells: 13/22 levels left

rFire    . . .     SeeInvis .   (weapon currently unavailable)
rCold    . . .     Gourm    .   (shield currently unavailable)
rNeg     . . .     Faith    .   (armour unavailable)
rPois    .         Spirit   .   (helmet currently unavailable)
rElec    .         Reflect  .   (cloak currently unavailable)
rCorr    .         Harm     .   (gloves currently unavailable)
MR       .....                  (boots currently unavailable)
Stlth    +.........             (no amulet)
HPRegen  0.28/turn              (ring currently unavailable)
MPRegen  0.17/turn              (ring currently unavailable)

@: pig-form, very quick
A: small, (breathe steam), unfitting armour, AC +8
a: Wall of Briars, Grow Ballistomycete, Overgrow, Grow Oklob, Renounce Religion


You were on level 5 of the Lair of Beasts.
You worshipped Fedhas.
Fedhas was extremely pleased with you.
You were hungry.
You were a filthy swine.
You visited 4 branches of the dungeon, and saw 18 of its levels.

You collected 1223 gold pieces.
You spent 525 gold pieces at shops.

Inventory:

Hand Weapons
 a - a +5 morningstar of venom
   (You took it off an orc priest on level 7 of the Dungeon)
 b - the +5 arbalest "Mecaneclu" (melded) {vorpal, MR+ Str+3 Int+3}
   (You bought it in a shop on level 7 of the Dungeon)

   Any bolt fired from it inflicts extra damage.
   It affects your strength (+3).
   It affects your intelligence (+3).
   It affects your resistance to hostile enchantments.
Missiles
 c - 3 throwing nets (quivered) {!f}
 w - 99 bolts
Armour
 m - a +0 pair of boots (melded)
   (You found it on level 3 of the Dungeon)
 n - a +1 cloak (melded)
   (You took it off Maurice on level 9 of the Dungeon)
 A - a +1 pair of gloves of archery (melded)
   (You found it on level 7 of the Dungeon)
 C - a +2 hat (melded)
   (You found it on level 9 of the Dungeon)
Jewellery
 o - a ring of protection from cold (melded)
   (You found it on level 4 of the Dungeon)
 B - a +6 ring of dexterity (melded)
   (You found it on level 7 of the Dungeon)
 I - an uncursed ring of positive energy
   (You found it on level 9 of the Dungeon)
 K - the ring "Muac" {rElec Stlth-}
   (You took it off an orc on level 7 of the Dungeon)

   [ring of attention]

   It insulates you from electricity.
   It makes you less stealthy.
 L - a +6 ring of strength {unknown}
   (You found it on level 4 of the Lair of Beasts)
 M - an uncursed ring of magical power {unknown}
   (You found it on level 4 of the Lair of Beasts)
Wands
 t - a wand of flame (29)
   (You found it on level 1 of the Lair of Beasts)
 u - a wand of paralysis (9)
   (You found it on level 5 of the Lair of Beasts)
 v - a wand of digging (5)
   (You took it off a wight on level 7 of the Dungeon)
 x - a wand of acid (16)
   (You found it on level 3 of the Lair of Beasts)
 F - a wand of enslavement (7)
   (You found it on level 1 of the Lair of Beasts)
Scrolls
 i - 9 scrolls of teleportation {@r4}
 j - 6 scrolls of blinking
 k - 4 scrolls of enchant armour
 q - 8 scrolls of remove curse {@r2}
 r - 10 scrolls of identify {@r1}
 s - 3 scrolls of enchant weapon
 y - a scroll of fear
 G - a scroll of fog
 J - a scroll of silence
 O - 2 scrolls of immolation {!r}
Potions
 d - 3 potions of lignification {unknown}
 f - 5 potions of flight
 g - 4 potions of heal wounds {@q2}
 h - a potion of resistance
 l - a potion of mutation {!q}
 p - a potion of haste {@q3}
 z - a potion of might {unknown}
 D - 4 potions of stabbing
 E - 3 potions of curing {@q1}
 H - 2 potions of invisibility
Miscellaneous
 N - a phantom mirror
Comestibles
 e - 21 rations {!d}


   Skills:
 + Level 10.2 Fighting
 + Level 9.8 Maces & Flails
 + Level 5.8 Crossbows
 + Level 8.6 Throwing
 + Level 8.9 Dodging
 + Level 5.2 Spellcasting
 + Level 5.8 Conjurations
 + Level 5.4 Summonings
 - Level 4.0 Translocations
 + Level 6.2 Air Magic
 + Level 5.6 Poison Magic
 + Level 1.6 Invocations


You had 13 spell levels left.
You knew the following spells:

 Your Spells              Type           Power        Failure   Level  Hunger
b - Blink                 Tloc           N/A          7%          2    ##.....
f - Mephitic Cloud        Conj/Pois/Air  ##......     6%          3    ###....
z - Summon Lightning Spi  Summ/Air       ##......     21%         4    ####...

Your spell library contained the following spells:

 Spells                   Type           Power        Failure   Level  Hunger
 Magic Dart               Conj           ##..         1%          1    None
 Summon Small Mammal      Summ           ##..         2%          1    None
 Call Imp                 Summ           ##......     3%          2    ##.....
 Call Canine Familiar     Summ           ##......     7%          3    ###....
 Conjure Flame            Conj/Fire      #.......     21%         3    ###....
 Summon Guardian Golem    Hex/Summ       #.......     22%         3    ###....
 Slow                     Hex            #.......     34%         2    ##.....
 Summon Ice Beast         Ice/Summ       #.......     58%         4    ####...


Dungeon Overview and Level Annotations

Branches:
Dungeon (11/15)            Temple (1/1) D:7            Lair (5/6) D:11
 Shoals (0/4) Lair:3       Spider (0/4) Lair:3        Slime (0/5) Lair:5
    Orc (1/2) D:10

Altars:
Ashenzari
Cheibriados
Dithmenos
Elyvilon
Fedhas
Gozag
Hepliaklqana
Kikubaaqudgha
Makhleb
Nemelex Xobeh
Okawaru
Qazlal
Ru
Sif Muna
Trog
Uskayaw
Vehumet
Wu Jian
Xom
Yredelemnul
Zin
The Shining One

Shops:
D:7 (*!(?

Annotations:
D:9 1 runed translucent door, Yorgos's ghost, novice GnFi
Lair:5 Kirke


Innate Abilities, Weirdness & Mutations

((You can breathe blasts of scalding, opaque steam.))
((Your pale cyan-grey scales are hard. (AC +8)))
You cannot fit into any form of body armour.
((You are cold-blooded and may be slowed by cold attacks.))


Message History

A hog comes into view. x2
The hog closely misses you.
Firing (i - inventory. (/) - cycle)
w - 102 bolts (quivered)
Aim: Kirke (moderately wounded)
You shoot a bolt. The hog squeals angrily.
The bolt hits Kirke!
The hog closely misses you. The hog bites you. The hog closely misses you.
Firing (i - inventory. (/) - cycle)
w - 101 bolts (quivered)
Aim: Kirke (moderately wounded)
You shoot a bolt. The bolt hits Kirke!!
The hog misses you. The hog completely misses you.
Kirke hits you but does no damage.
A wolf comes into view.
The hog bites you but does no damage. The hog closely misses you.
The hog completely misses you. Kirke hits you but does no damage.
The lindwurm breathes flames at you. The blast of flame hits you!!
The wolf howls!
Firing (i - inventory. (/) - cycle)
w - 100 bolts (quivered)
Aim: Kirke (heavily wounded)
You shoot a bolt. The bolt hits Kirke!!
The hog bites you. The hog barely misses you.
The hog bites you but does no damage. Kirke casts a spell at you.
You easily resist.
The hog bites you! The hog bites you. The lindwurm misses you.
The lindwurm closely misses you. x2
The hog misses you. The spiny frog stings you!!
* * * LOW HITPOINT WARNING * * *
A wolf comes into view.
Kirke casts a spell at you.
You turn into a filthy swine.
The +5 arbalest "Mecaneclu" {vorpal, MR+ Str+3 Int+3} melds into your body.
Your +1 cloak melds into your body.
Your +2 hat melds into your body.
Your +1 pair of gloves of archery melds into your body.
Your +0 pair of boots melds into your body.
Your +6 ring of dexterity melds into your body.
Your ring of protection from cold melds into your body.
Your aim is not that steady anymore.
You feel clumsy. The hog bites you!
* * * LOW HITPOINT WARNING * * *
The hog misses you. The lindwurm closely misses you. The lindwurm claws you.
* * * LOW HITPOINT WARNING * * *
The lindwurm claws you!
* * * LOW HITPOINT WARNING * * *
Unknown command.
The hog bites you!
* * * LOW HITPOINT WARNING * * *
The spiny frog stings you!!
You die...
Fedhas appreciates your contribution to the ecosystem.

##................
#.................
##.................
#................. ###
#..<...........^.
##.###P..........####
#P............#P..#
...P[.....##P##.†##
##..P...########h.#####
###..#...##
#..hFh.(.### # #.
##...# ###@hh...... #
#...## #hkhh...(..
#..## #.h(....... ###
#..# ##.........
#.####..## #.(.......
..##.....##. ..(.......
............)
.......P..


You could see Kirke, a lindwurm (summoned, catching breath), a spiny frog, 7
hogs and a wolf.

Vanquished Creatures
  Gastronok (D:10)
  An ice dragon (Lair:1)
  3 hydras
  A queen ant (Lair:2)
  A two-headed ogre (D:11)
  4 death yaks
  3 elephants (Lair:5)
  An ugly thing (D:11)
  A cyclops (D:11)
  3 black mambas
  Maurice (D:9)
  Joseph (D:8)
  7 spiny frogs
  Maggie (D:7)
  A rime drake (Lair:3)
  5 komodo dragons
  A hornet (D:11)
  Prince Ribbit (D:8)
  A snapping turtle (Lair:3)
  8 blink frogs
  2 hippogriffs
  A redback (Lair:3)
  A wraith (D:11)
  2 wyverns
  A vampire (D:7)
  30 yaks
  A hungry ghost (D:9)
  4 wargs (D:10)
  20 soldier ants (Lair:2)
  2 acid dragons (D:11)
  14 water moccasins
  9 porcupines
  2 sky beasts
  3 ice beasts
  2 black bears
  3 phantoms
  3 necrophages
  5 orc warriors
  6 ogres
  13 wolves
  6 centaurs
  5 crocodiles
  A big kobold (D:10)
  12 bullfrogs
  A water moccasin skeleton (D:7)
  2 scorpions
  8 killer bees (D:7)
  5 wights (D:7)
  2 vampire bats (Lair:4)
  3 howler monkeys
  A centaur zombie (D:7)
  6 crimson imps
  A quasit (D:7)
  2 bullfrog zombies
  6 hounds
  8 jellies
  8 orc priests
  A bullfrog skeleton (D:7)
  3 centaur skeletons
  11 orc wizards
  4 iguanas
  35 worker ants
  A killer bee zombie (D:5)
  A worker ant zombie (D:7)
  13 adders
  A gnoll (D:7)
  2 shadow imps
  4 oozes
  5 adder skeletons
  A worm (D:2)
  A dart slug (D:2)
  9 leopard geckos
  45 orcs
  4 ball pythons
  13 bats
  3 giant cockroaches
  7 goblins
  7 hobgoblins
  A jackal (D:3)
  14 kobolds
  3 quokkas
  5 frilled lizards
  A jackal skeleton (D:4)
  A leopard gecko zombie (D:7)
  11 rats
454 creatures vanquished.

Vanquished Creatures (collateral kills)
  A water moccasin (Lair:5)
1 creature vanquished.

Vanquished Creatures (others)
  A centaur skeleton (D:11)
  A troll (D:11)
  A jelly (D:9)
  A hound (D:11)
  2 orcs (D:11)
  3 fungi (Lair:5)
  A plant (Lair:2)
10 creatures vanquished.

Grand Total: 465 creatures vanquished

Notes
Turn   | Place    | Note
-------+----------+-------------------------------------------
     0 | D:1      | MalarOregon the Draconian Gladiator began the quest for the
                  | Orb.
     0 | D:1      | Reached XP level 1. HP: 17/17 MP: 1/1
   344 | D:1      | Reached XP level 2. HP: 25/25 MP: 2/2
  1107 | D:1      | Reached XP level 3. HP: 30/30 MP: 3/3
  2262 | D:2      | Reached skill level 3 in Fighting
  2262 | D:2      | Reached XP level 4. HP: 38/38 MP: 4/4
  2931 | D:3      | Found an ornate altar of the Wu Jian Council.
  3498 | D:3      | Reached XP level 5. HP: 25/45 MP: 5/5
  4205 | D:4      | Noticed an ogre
  4238 | D:3      | Killed an ogre
  4238 | D:3      | Reached skill level 4 in Fighting
  4238 | D:3      | Reached XP level 6. HP: 33/52 MP: 6/6
  4843 | D:4      | Your scales start taking on a pale cyan-grey colour.
  4843 | D:4      | Reached XP level 7. HP: 45/60 MP: 7/7
  5091 | D:4      | Reached skill level 5 in Maces & Flails
  5449 | D:5      | Entered Level 5 of the Dungeon
  5496 | D:5      | HP: 1/60 [orc priest/divine providence (12)]
  5807 | D:5      | Reached skill level 5 in Fighting
  6569 | D:5      | Reached skill level 5 in Dodging
  6569 | D:5      | Reached XP level 8. HP: 69/69 MP: 8/8
  7306 | D:6      | Reached skill level 5 in Throwing
  7312 | D:6      | Reached skill level 6 in Fighting
  7386 | D:6      | HP: 2/70 [ogre/cursed -3 giant club (12)]
  7405 | D:6      | HP: 3/70 [ogre/cursed -3 giant club (3)]
  8000 | D:6      | Found an iron altar of Okawaru.
  8006 | D:6      | Found a shadowy altar of Dithmenos.
  8007 | D:6      | Found a burning altar of Makhleb.
  8007 | D:6      | Found a snail-covered altar of Cheibriados.
  8007 | D:6      | Found a hazy altar of Hepliaklqana.
  8008 | D:6      | Found a radiant altar of Vehumet.
  8075 | D:7      | Found Jeadd's General Store.
  8146 | D:7      | Bought a potion of curing for 33 gold pieces
  8146 | D:7      | Bought a potion of heal wounds for 55 gold pieces
  8146 | D:7      | Bought a scroll of blinking for 82 gold pieces
  8146 | D:7      | Bought a scroll of enchant weapon for 82 gold pieces
  8845 | D:7      | Reached XP level 9. HP: 37/78 MP: 9/9
  9262 | D:7      | Reached skill level 7 in Fighting
  9468 | D:7      | Found Ysiupul's Antique Weapon Shop.
  9633 | D:7      | Bought an ancient arbalest for 161 gold pieces
  9633 | D:7      | Identified the +5 arbalest "Mecaneclu" {vorpal, MR+ Str+3
                  | Int+3} (You bought it in a shop on level 7 of the Dungeon)
 10180 | D:7      | Reached skill level 1 in Crossbows
 10814 | D:7      | Found a shadowy altar of Dithmenos.
 11048 | D:7      | Identified the ring "Muac" {rElec Stlth-}
 11114 | D:7      | Noticed Maggie
 11144 | D:7      | Killed Maggie
 11524 | D:7      | Learned a level 2 spell: Blink
 11528 | D:7      | Learned a level 3 spell: Mephitic Cloud
 11627 | D:7      | Reached XP level 10. HP: 88/88 MP: 10/10
 11638 | D:7      | Reached skill level 8 in Fighting
 11888 | D:7      | Found Zeklotais's Weapon Shoppe.
 11970 | D:7      | Found Inakhlaso's Distillery.
 11973 | D:7      | Bought a potion of invisibility for 112 gold pieces
 12074 | D:7      | Found a staircase to the Ecumenical Temple.
 12113 | D:7      | Found Vuss's Magic Scroll Shoppe.
 12157 | Temple   | Entered the Ecumenical Temple
 12262 | Temple   | Became a worshipper of Fedhas Madash
 12445 | D:7      | Reached skill level 1 in Conjurations
 12449 | D:7      | Reached skill level 1 in Translocations
 12449 | D:7      | Reached skill level 1 in Air Magic
 12452 | D:7      | Reached skill level 1 in Spellcasting
 12452 | D:7      | Reached skill level 1 in Poison Magic
 12793 | D:8      | Found a shadowy altar of Dithmenos.
 12852 | D:8      | Noticed Prince Ribbit
 12855 | D:8      | Killed Prince Ribbit
 13128 | D:8      | Noticed Joseph
 13135 | D:8      | Killed Joseph
 13317 | D:8      | Learned a level 4 spell: Summon Lightning Spire
 13376 | D:9      | Noticed Maurice
 13392 | D:9      | Killed Maurice
 13739 | D:9      | Reached skill level 1 in Summonings
 13754 | D:9      | Reached * piety under Fedhas
 14648 | D:8      | Reached XP level 11. HP: 45/95 MP: 14/14
 14964 | D:9      | Found a runed translucent door.
 14964 | D:9      | Found a shimmering altar of Xom.
 14964 | D:9      | Noticed Yorgos's ghost (novice GnFi)
 14964 | D:9      | Noticed a +0 mace of chaos
 15063 | D:10     | Entered Level 10 of the Dungeon
 15099 | D:10     | Noticed Gastronok
 15111 | D:10     | Killed Gastronok
 15237 | D:10     | Found a staircase to the Orcish Mines.
 16642 | Orc:1    | Entered Level 1 of the Orcish Mines
 16817 | Orc:1    | Noticed an orc high priest
 16966 | Orc:1    | Noticed an orc knight
 17192 | D:11     | Noticed a four-headed hydra
 17249 | D:11     | Noticed a two-headed ogre
 17271 | D:11     | Killed a two-headed ogre
 17271 | D:11     | Reached ** piety under Fedhas
 17458 | D:11     | Noticed an oklob plant
 17458 | D:11     | Noticed an oklob plant
 17466 | D:11     | Found a staircase to the Lair.
 17519 | D:11     | Killed a four-headed hydra
 17519 | D:11     | Reached skill level 9 in Fighting
 17536 | D:11     | Noticed a cyan ugly thing
 17544 | D:11     | Killed a cyan ugly thing
 18414 | D:11     | Noticed a centaur warrior
 18414 | D:11     | Noticed a green ugly thing
 18609 | Lair:1   | Entered Level 1 of the Lair of Beasts
 18676 | Lair:1   | Reached XP level 12. HP: 104/104 MP: 17/17
 19289 | Lair:1   | Reached *** piety under Fedhas
 19867 | Lair:1   | Noticed an ice dragon
 19889 | Lair:1   | Killed an ice dragon
 20940 | Lair:2   | Noticed a queen ant
 20952 | Lair:2   | Killed a queen ant
 20952 | Lair:2   | Reached skill level 5 in Air Magic
 20957 | Lair:2   | Reached skill level 5 in Crossbows
 21334 | Lair:2   | Reached **** piety under Fedhas
 22321 | Lair:3   | Reached skill level 5 in Conjurations
 22464 | Lair:3   | Found a hole to the Spider Nest.
 22520 | Lair:3   | Reached skill level 5 in Poison Magic
 22606 | Lair:3   | Reached XP level 13. HP: 96/113 MP: 20/20
 23347 | Lair:3   | Found a staircase to the Shoals.
 23433 | Lair:3   | Reached ***** piety under Fedhas
 23610 | Lair:4   | Reached skill level 5 in Summonings
 23821 | Lair:4   | Reached skill level 10 in Fighting
 24274 | Lair:4   | Reached skill level 5 in Spellcasting
 24905 | Lair:5   | Reached skill level 1 in Invocations
 25222 | Lair:5   | Found a staircase to the Slime Pits.
 25467 | Lair:5   | Noticed Kirke
 25476 | Lair:5   | Mangled by a spiny frog

Illustrated notes

Levels and vault maps discovered:
D:1:      kennysheep_arrival_seaside, layout_loops_ring, minivault_4,
          minmay_tetromino_i4
D:2:      cheibrodos_helix_gallery, layout_loops_ring, chequers_mini_garden
D:3:      layout_loops_corners, old_standard_altar, first_ration, st_stairs_10
D:4:      layout_cave_pools
D:5:      layout_rooms, minmay_misc_feat_encased, minmay_crystal_room
D:6:      layout_cave_pools, minitemple
D:7:      minmay_the_grid_octo_tiled_octocenter [minmay_the_grid_octo_77,
          minmay_the_grid_octo_horde, minmay_the_grid_octo_checkered,
          minmay_the_grid_octo_clover_2,
          minmay_the_grid_octo_prize_single_spiral,
          minmay_the_grid_square_5x5_n, minmay_the_grid_square_5x5_c,
          minmay_the_grid_square_5x5_gyroscope,
          minmay_the_grid_square_5x5_inset], layout_basic, temple_fountains,
          serial_shops, kennysheep_mini_moat, nicolae_shop_stone,
          nicolae_shop_crystal, shop, nicolae_shop_crystal, basic_altar,
          grunt_ogre_cave, interstate_on_off, uniq_maggie
D:8:      layout_loops_ring, nicolae_dithmenos_shadow_blocks, uniq_joseph,
          uniq_prince_ribbit1
D:9:      layout_cave_pools, ebering_ghost_xom, roderic_roman_lattice,
          uniq_maurice
D:10:     layout_layer_cave, erik_orc_3, uniq_gastronok
D:11:     layout_loops_ring, dpeg_oklobed_lair, lightli_corner_chamber
Temple:   regret_index_temple_waves
Lair:1:   dragon1_lemuel, layout_regular_city
Lair:2:   layout_gridlike, minivault_29
Lair:3:   layout_gridlike, minmay_shoals_entry_hut, spider_nest_entry_webs,
          serial_bayou_pond_d
Lair:4:   layout_long_grid, roderic_batcave
Lair:5:   layout_small_grid, nicolae_slime_entry_slimehenge, st_stairs_5,
          uniq_kirke
Orc:1:    minmay_goldmine, layout_diamond_mine

Skill      XL: |  1  2  3  4  5  6  7  8  9 10 11 12 13 |
---------------+----------------------------------------+-----
Throwing       | 2 3 4 5 6 7 8 |  8.6
Dodging        | 3 4 5 6 7 8 |  8.9
Fighting       | 3 4 5 6 7 8 9 10 | 10.2
Maces & Flails | 4 5 6 7 8 9 |  9.8
Crossbows      | 2 3 4 5 |  5.8
Conjurations   | 2 4 5 |  5.8
Translocations | 2 3 4 |  4.0
Air Magic      | 2 4 5 6 |  6.2
Spellcasting   | 2 3 4 5 |  5.2
Poison Magic   | 2 3 5 |  5.6
Summonings     | 1 3 4 5 |  5.4
Invocations    | 1 |  1.6

Action                   |  1- 3 |  4- 6 |  7- 9 | 10-12 | 13-15 || total
-------------------------+-------+-------+-------+-------+-------++-------
Melee: Flail             |   215 |    90 |   169 |       |       ||   474
       Tailslap          |    17 |    21 |    77 |    51 |       ||   166
       Dagger            |       |   134 |   351 |       |       ||   485
       Morningstar       |       |       |    12 |   279 |       ||   291
 Fire: Arbalest          |       |       |    28 |   371 |   152 ||   551
Throw: Throwing net      |       |       |     1 |       |       ||     1
Invok: Wall of Briars    |       |       |       |       |     5 ||     5
 Abil: Breathe Steam     |       |       |     2 |     2 |       ||     4
  Use: Scroll            |     3 |     1 |     7 |    11 |       ||    22
       Potion            |       |       |       |     3 |       ||     3
 Stab: Sleeping          |     2 |     1 |     1 |     2 |       ||     6
       Held in net/web   |       |       |     1 |       |       ||     1
       Invisible         |       |       |       |     2 |       ||     2
  Eat: Chunk             |     5 |     7 |    17 |    26 |     5 ||    60
       Ration            |       |       |     2 |     3 |     1 ||     6
Armor: Skin              |   121 |    91 |   199 |   172 |    34 ||   617
Dodge: Dodged            |   189 |   143 |   474 |   569 |   116 ||  1491

Table legend:
 A = Non-vault XP
 B = Vault XP
 C = Vault XP percentage of total XP
 D = Non-vault monster count
 E = Vault monster count
 F = Vault count percentage of total count
                 A         B        C        D         E       F
            +---------+---------+-------+---------+---------+-------
      Total |   39682 |   12263 |  23.6 |     343 |     112 |  24.6
            +---------+---------+-------+---------+---------+-------
        D:1 |      35 |       6 |  14.6 |      20 |       3 |  13.0
        D:2 |      56 |       6 |   9.7 |      16 |       2 |  11.1
        D:3 |     237 |       6 |   2.5 |      23 |       3 |  11.5
        D:4 |     606 |       0 |   0.0 |      23 |       0 |   0.0
        D:5 |     548 |       0 |   0.0 |      21 |       0 |   0.0
        D:6 |     637 |       0 |   0.0 |      18 |       0 |   0.0
        D:7 |    2575 |    1986 |  43.5 |      49 |      27 |  35.5
        D:8 |    1250 |     698 |  35.8 |      13 |       2 |  13.3
        D:9 |    2151 |     449 |  17.3 |      14 |       1 |   6.7
       D:10 |    1755 |    2792 |  61.4 |      21 |      19 |  47.5
       D:11 |    5198 |       0 |   0.0 |      26 |       0 |   0.0
     Lair:1 |    4161 |     971 |  18.9 |      24 |       1 |   4.0
     Lair:2 |    2604 |    4657 |  64.1 |      12 |      40 |  76.9
     Lair:3 |    5966 |     472 |   7.3 |      30 |       2 |   6.2
     Lair:4 |    7127 |     114 |   1.6 |      20 |       7 |  25.9
     Lair:5 |    4640 |     106 |   2.2 |      11 |       5 |  31.2
      Orc:1 |     136 |       0 |   0.0 |       2 |       0 |   0.0
            +---------+---------+-------+---------+---------+-------
